Map: [ESL] Crimson Court

Players

Bunny - Winner!

  • Race: Terran Terran
  • Spawn Location: 7:00

Patches

  • Race: Terran Terran
  • Spawn Location: 1:00

Event: ESL Spring 2024 Finals

VOD

Have the link to the VOD?

Description

Time

  • Played on: May 31, 2024, 5:20 p.m.
  • Length: 8:08

All games in this series

Show
View Real Time Build Order
Export as new Build Order

Bunny Terran - Winner!

Build Orders: Cyclone Opening 

Get SALT Encoding   

  12  0:00  SCV  
  13  0:12  SCV  
  14  0:17  Supply Depot  
  14  0:24  SCV  
  15  0:38  SCV  
  15  0:40  Barracks  
  15  0:42  Refinery  
  16  0:50  SCV  
  16  0:52  Refinery  
  17  1:03  SCV  
  18  1:15  SCV  
  19  1:27  Orbital Command, Reaper  
  20  1:33  Supply Depot  
  20  1:42  Factory  
  20  1:53  SCV  
  21  1:59  Marine  
  22  2:05  SCV  
  23  2:17  SCV, Marine  
  23  2:21  Supply Depot  
  25  2:25  Cyclone  
  25  2:27  Bunker  
  25  2:29  SCV  
  28  2:35  Marine  
  29  2:41  SCV  
  30  2:50  Starport  
  30  2:53  SCV  
  31  2:59  Marine  
  31  3:08  Factory Tech Lab  
  31  3:13  Command Center  
  31  3:16  SCV  
  31  3:19  Marine  
  33  3:27  Siege Tank  
  33  3:32  Viking  
  38  3:40  Supply Depot  
  38  3:43  Marine  
  38  3:45  SCV  
  39  4:02  Siege Tank, SCV  
  43  4:05  Medivac  
  43  4:06  Marine  
  46  4:14  Supply Depot  
  46  4:15  SCV  
  47  4:26  Orbital Command  
  47  4:27  SCV  
  48  4:35  Siege Tank  
  48  4:37  Barracks Reactor  
  51  4:40  Starport Tech Lab  
  51  4:41  SCV  
  52  4:50  Supply Depot  
  52  4:53  Orbital Command, SCV  
  53  5:05  SCV  
  54  5:07  Siege Tank  
  54  5:08  Bunker  
  57  5:17  SCV  
  57  5:18  Refinery  
  57  5:22  Marine x2  
  57  5:23  SCV  
  59  5:29  SCV  
  59  5:31  Raven  
  63  5:35  SCV  
  63  5:41  SCV  
  63  5:42  Marine x2  
  64  5:44  Supply Depot  
  64  5:47  SCV  
  64  5:49  Siege Tank  
  68  5:53  SCV  
  68  5:56  Supply Depot  
  69  5:59  SCV  
  69  6:00  Marine x2  
  72  6:05  Viking  
  72  6:09  SCV  
  75  6:12  SCV  
  75  6:17  Marine  
  75  6:18  Marine  
  77  6:21  SCV  
  77  6:24  SCV, Siege Tank  
  80  6:33  SCV  
  80  6:35  Marine x2  
  80  6:36  SCV  
  80  6:39  Viking  
  86  6:43  Supply Depot  
  86  6:44  Supply Depot  
  86  6:53  Marine x2  
  85  6:56  Siege Tank  
  85  6:58  SCV x2  
  84  7:09  Viking  
  84  7:11  Marine x2  
  82  7:15  SCV x2  
  80  7:26  Command Center  
  80  7:29  Marine x2, Refinery, Barracks x2  
  82  7:30  Barracks  
  82  7:34  Siege Tank  
  85  7:42  SCV x2  
  86  7:46  Marine  
  86  7:47  Marine  
Show
View Real Time Build Order
Export as new Build Order

Patches Terran 

Build Orders: 1/1/1, Liberator Opening 

Get SALT Encoding   

  12  0:00  SCV  
  13  0:12  SCV  
  14  0:17  Supply Depot  
  14  0:24  SCV  
  14  0:27  Refinery  
  15  0:39  SCV  
  16  0:47  Barracks  
  16  0:51  SCV  
  16  0:54  Refinery  
  17  1:03  SCV  
  18  1:15  SCV  
  19  1:27  SCV  
  20  1:35  Barracks Reactor  
  20  1:37  Factory  
  21  1:44  Orbital Command  
  20  2:03  Supply Depot  
  20  2:09  SCV  
  20  2:11  Reaper x2  
  23  2:26  Starport  
  23  2:28  Hellion  
  25  2:39  SCV  
  25  2:43  Reaper x2  
  28  2:50  Hellion  
  30  2:51  SCV  
  30  2:55  Supply Depot  
  31  3:16  Liberator  
  31  3:17  SCV, Hellion  
  37  3:26  Reaper x2  
  39  3:33  Supply Depot  
  39  3:49  Command Center  
  39  3:54  SCV  
  40  4:01  Factory Tech Lab  
  40  4:06  SCV  
  40  4:07  Marine x2  
  40  4:09  Starport Tech Lab  
  43  4:14  Barracks  
  43  4:19  SCV  
  44  4:31  SCV  
  45  4:34  Marine x2  
  45  4:36  Interference Matrix  
  47  4:40  Supply Depot  
  47  4:49  Supply Depot  
  47  5:01  SCV, Marine x2, Siege Tank  
  47  5:02  Barracks Tech Lab  
  51  5:19  Marine x2  
  51  5:20  SCV  
  53  5:26  Marine  
  54  5:31  Orbital Command  
  54  5:32  SCV  
  49  5:36  Marine x2  
  49  5:40  Raven  
  51  5:44  SCV, Marine  
  51  5:48  Siege Tank  
  51  5:49  Concussive Shells  
  56  5:54  Marine  
  56  5:56  SCV  
  58  6:00  Marine  
  59  6:07  Marine  
  59  6:08  SCV x2  
  62  6:12  Marine  
  60  6:19  Marine  
  60  6:20  SCV  
  60  6:25  Marine  
  60  6:28  Siege Tank  
  60  6:30  Marine  
  60  6:31  SCV  
  65  6:33  SCV  
  65  6:37  Marine  
  65  6:43  Marine  
  59  6:48  Marine  
  59  6:50  SCV  
  59  6:51  SCV  
  58  6:55  Marine  
  58  7:01  Marine  
  58  7:03  SCV x2  
  58  7:06  Marine  
  56  7:13  Marine  
  56  7:15  SCV  
  48  7:24  Marine  
  48  7:27  SCV  
  48  7:28  Barracks Tech Lab  
  49  7:31  Marine  
  50  7:42  Marine  
  46  8:03  Barracks  
  46  8:04  Command Center, Barracks  
Tags
 
Add a new tag
Caveats
  • Supply blocks, unpowered buildings, or Contaminate may cause inaccurate times.
  • Supply counts are checked every 10 seconds.